 Dungeon Crawl Stone Soup version 0.19.3-1-g3169bf9 (webtiles) character file.

118 ponk the Slasher (level 4, -1/31 HPs)
             Began as a High Elf Fighter on Jan 24, 2017.
             Killed by divine providence
             ... invoked by an orc priest
              (13 damage)
             ... on level 3 of the Dungeon.
             The game lasted 00:04:12 (2436 turns).

ponk the Slasher (High Elf Fighter)                 Turns: 2436, Time: 00:04:13

Health: -1/31      AC:  8    Str: 15    XL:     4   Next: 72%
Magic:  5/5        EV:  6    Int: 11    God:
Gold:   87         SH:  9    Dex: 16    Spells: 0 memorised, 3 levels left

rFire  . . .     SeeInvis .     a - +0 long sword
rCold  . . .     Gourm    .     b - +0 scale mail
rNeg   . . .     Faith    .     c - +0 shield
rPois  .         Spirit   .     (no helmet)
rElec  .         Reflect  .     u - +0 cloak
rCorr  .         Harm     .     m - +0 pair of gloves
MR     .....                    (no boots)
Stlth  ..........               (no amulet)
                                (no ring)
                                (no ring)

@: no status effects
A: no striking features
a: no special abilities


You were on level 3 of the Dungeon.
You were not hungry.

You visited 1 branch of the dungeon, and saw 3 of its levels.

You collected 87 gold pieces.

Inventory:

Hand Weapons
 a - a +0 long sword (weapon)
Armour
 b - a +0 scale mail (worn)
 c - a +0 shield (worn)
 m - a +0 pair of gloves (worn)
 u - a +0 cloak (worn)
Jewellery
 d - an uncursed ring of positive energy {unknown}
 s - an uncursed ring of resist corrosion {unknown}
Scrolls
 o - 2 scrolls of fear {unknown}
 p - a scroll of identify {unknown}
 w - a scroll of remove curse {unknown}
Potions
 e - 2 potions of ambrosia {unknown}
 i - a potion of agility {unknown}
 j - a potion of heal wounds {unknown}
 k - a potion of flight {unknown}
 l - a potion of mutation {unknown}
 n - a potion of curing {unknown}
 q - a potion of berserk rage {unknown}
 r - 2 potions of cancellation {unknown}
 v - a potion of might
 x - a potion of brilliance {unknown}
Comestibles
 f - 2 bread rations
 g - a beef jerky
 h - 4 fruits
 t - 4 chunks of flesh


   Skills:
 - Level 3.0 Fighting
 + Level 6.0 Long Blades
 - Level 2.6 Armour
 - Level 2.6 Shields


You had 3 spell levels left.
You didn't know any spells.

Dungeon Overview and Level Annotations

Branches:
Dungeon (3/15)

Altars:


Message History

You hear a loud clanging noise!
It was a scroll of noise.
You hear a shout! x2
You see here a leopard gecko skeleton.
n - a viscous golden potion An orc comes into view.
It is wielding a hand axe.
The orc shouts!
An orc priest comes into view. It is wielding a war axe.
The orc priest mumbles some strange prayers to Beogh against you.
Beogh smites you!
An orc and an orc priest come into view.
The orc priest shouts!
You slash the orc!
You kill the orc!
Things that are here:
a hand axe; a leather armour You completely miss the orc priest.
The orc priest calls down the wrath of Beogh upon you.
Beogh smites you!
You die...

#. #.# ##### #.##.#
#... ..#.# #... ##.#.#
#.o #.<#.# #.o #..#.#
#o########..#.#
#o#.........#.#
#@#.#####...#.#
#.#.........#.#
#.###.#.####....#.#
##.....######..###.#
#..........รท........#
#.........###########
#....##...#
#....##...#
#....#....#


You could see an orc warrior (wandering), 2 orc priests and an orc.

Vanquished Creatures
  3 adders (D:2)
  6 oozes (D:1)
  2 worms (D:2)
  The ghost of dscm the Sneak, a weakling OpEE (D:3)
  4 leopard geckos
  An orc (D:3)
  3 bats
  4 giant cockroaches (D:1)
  3 goblins
  4 hobgoblins
  6 jackals
  A quokka (D:2)
  4 frilled lizards
  5 kobolds
  8 rats
55 creatures vanquished.

Notes
Turn   | Place    | Note
-------+----------+-------------------------------------------
     0 | D:1      | ponk the High Elf Fighter began the quest for the Orb.
     0 | D:1      | Reached XP level 1. HP: 16/16 MP: 2/2
     1 | D:1      | Found a runed door.
    37 | D:1      | Reached skill level 3 in Long Blades
    41 | D:1      | Reached XP level 2. HP: 17/21 MP: 3/3
    51 | D:1      | Reached skill level 4 in Long Blades
    59 | D:1      | Reached XP level 3. HP: 13/26 MP: 4/4
   655 | D:1      | Reached skill level 5 in Long Blades
  1373 | D:2      | Reached XP level 4. HP: 29/31 MP: 5/5
  2214 | D:3      | Noticed dscm's ghost (weakling OpEE)
  2392 | D:3      | Killed dscm's ghost
  2392 | D:3      | Reached skill level 6 in Long Blades
  2436 | D:3      | Killed from afar by an orc priest

Skill      XL: |  1  2  3  4 |
---------------+-------------+-----
Long Blades    | 3 4 5 6 |  6.0
Fighting       | |  3.0
Armour         | |  2.6
Shields        | |  2.6

Action                   |  1- 3 |  4- 6 || total
-------------------------+-------+-------++-------
Melee: Long sword        |   110 |    73 ||   183
  Use: Potion            |     1 |       ||     1
       Scroll            |       |     1 ||     1
  Eat: Chunk             |     1 |     4 ||     5
Armor: Scale mail        |    45 |    36 ||    81
Dodge: Dodged            |    26 |    16 ||    42
Block: Shield            |    54 |    32 ||    86
       Rpst.: Long sword |    10 |     6 ||    16
